 Dungeon Crawl Stone Soup version 0.24-a0-504-gcfb02b9d07 (webtiles) character file.

Game seed: 8690479316754099322

10896 Arthanis the Cleaver (level 11, 0/73 HPs)
             Began as a Gargoyle Berserker on July 17, 2019.
             Was an Elder of Trog.
             Slain by Rupert
             ... wielding a +2 triple sword of holy wrath
              (28 damage)
             ... on level 12 of the Dungeon.
             The game lasted 00:17:53 (9155 turns).

Arthanis the Cleaver (Gargoyle Berserker)           Turns: 9155, Time: 00:17:54

Health: 0/73       AC: 28    Str: 20    XL:     11   Next: 69%
Magic:  12/12      EV: 20    Int: 12    God:    Trog [****..]
Gold:   461        SH:  9    Dex: 13    Spells: 10/10 levels left

rFire    . . .     SeeInvis .   E - +0 hand axe (venom)
rCold    . . .     Gourm    .   l - +0 shield
rNeg     + . .     Faith    .   y - +0 plate armour
rPois    ∞         Spirit   .   S - +0 helmet
rElec    +         Reflect  .   n - +2 cloak {+Inv}
rCorr    .         Harm     .   (no gloves)
MR       .....                  (no boots)
Stlth    ..........             L - amulet of the acrobat
HPRegen  0.22/turn              h - +2 ring of protection
MPRegen  0.13/turn              P - +4 ring of dexterity

@: berserk cooldown, acrobat, slowed, very slow
A: negative energy resistance 1, electricity resistance, unbreathing,
petrification resistance, rot immunity, AC +8
a: Berserk, Trog's Hand, Brothers in Arms, Renounce Religion, Evoke Invisibility


You were on level 12 of the Dungeon.
You worshipped Trog.
Trog was greatly pleased with you.
You were very hungry.

You visited 1 branch of the dungeon, and saw 12 of its levels.

You collected 719 gold pieces.
You spent 258 gold pieces at shops.

Inventory:

Hand Weapons
 z - a +2 trident of freezing
 E - a +0 hand axe of venom (weapon)
Armour
 l - a +0 shield (worn)
 n - a +2 cloak of invisibility (worn)
 y - a +0 plate armour (worn)
 S - a +0 helmet (worn)
Jewellery
 e - an uncursed ring of protection from cold
 h - a +2 ring of protection (left hand)
 v - an uncursed ring of protection from cold
 x - an uncursed ring of flight
 L - an amulet of the acrobat (around neck)
 P - a +4 ring of dexterity (right hand)
 Q - an uncursed ring of positive energy {unknown}
 R - a +4 amulet of reflection {unknown}
Wands
 I - a wand of polymorph (2)
 W - a wand of disintegration (16)
 X - a wand of iceblast (10)
 Z - a wand of acid (2)
Scrolls
 d - 2 scrolls of enchant weapon
 g - 3 scrolls of teleportation
 j - 2 scrolls of amnesia {unknown}
 o - 3 scrolls of magic mapping
 s - 2 scrolls of noise {unknown}
 G - 3 scrolls of remove curse
 O - 3 scrolls of fog {unknown}
 U - a scroll of immolation {unknown}
 Y - a scroll of blinking {unknown}
Potions
 f - 5 potions of curing {unknown}
 i - a potion of flight {unknown}
 k - 2 potions of heal wounds {unknown}
 m - 2 potions of haste {unknown}
 p - 2 potions of cancellation {unknown}
 q - a potion of agility {unknown}
 r - 4 potions of might
 u - 2 potions of mutation {unknown}
 B - 5 potions of brilliance
 J - 4 potions of magic {unknown}
 K - a potion of ambrosia {unknown}
 N - a potion of invisibility {unknown}
 T - 2 potions of resistance {unknown}
 V - 2 potions of lignification {unknown}
Comestibles
 c - 27 rations


   Skills:
 + Level 10.6 Fighting
 * Level 12.1 Axes
 - Level 8.0 Armour
 - Level 2.0 Dodging
 - Level 4.0 Shields
 + Level 2.4 Evocations


You had 10 spell levels left.
You didn't know any spells.
Your spell library contained the following spells:

 Spells                   Type           Power        Failure   Level  Hunger
 Animate Skeleton         Necr           N/A          100%        1    ##.....
 Apportation              Tloc           #.....       100%        1    ##.....
 Confusing Touch          Hex            #.....       100%        1    ##.....
 Magic Dart               Conj           #...         100%        1    ##.....
 Sandblast                Erth           #.....       100%        1    ##.....
 Summon Small Mammal      Summ           #...         100%        1    ##.....
 Blink                    Tloc           N/A          100%        2    ###....
 Call Imp                 Summ           #.......     100%        2    ###....
 Passwall                 Tmut/Erth      #.......     100%        2    ###....
 Slow                     Hex            #.......     100%        2    ###....
 Conjure Flame            Conj/Fire      #.......     100%        3    ####...
 Mephitic Cloud           Conj/Pois/Air  #.......     100%        3    ####...
 Stone Arrow              Conj/Erth      #.....       100%        3    ####...
 Petrify                  Tmut/Erth      #.......     100%        4    #####..
 Lee's Rapid Deconstruct  Erth           #.........   100%        5    ######.


Dungeon Overview and Level Annotations

Branches:
Dungeon (12/15)            Temple (0/1) D:4            Lair (0/6) D:8
    Orc (0/2) D:11

Altars:
Ashenzari
Cheibriados
Elyvilon
Gozag
Hepliaklqana
Kikubaaqudgha
Makhleb
Qazlal
Ru
Yredelemnul
Zin

Shops:
D:11 :[

Annotations:
D:4 2 transporters, soark's ghost, amateur DsFi
D:6 2 transporters, Menkaure
D:12 Rupert


Innate Abilities, Weirdness & Mutations

You are resistant to torment.
Your stone body is resilient. (AC +8)
You are immune to poison.
You resist negative energy. (rN+)
You are resistant to electric shocks. (rElec)
You can survive without breathing.
You are immune to petrification.
You are immune to rotting.


Message History

A bullfrog comes into view.
You barely miss Rupert.
Rupert is severely wounded.
The bullfrog gives a loud, deep croak!
You hit the shadow.
Your skin stops crawling.
You feel less resistant to hostile enchantments.
The shadow hits you. You block Rupert's attack.
You closely miss Rupert.
Rupert is almost dead.
You closely miss the shadow. The shadow hits you.
Rupert roars madly and goes into a rage!
Rupert goes berserk!
You closely miss Rupert.
Rupert is almost dead.
You hit the shadow. You block the shadow's attack.
Rupert hits you with a +2 triple sword of holy wrath!!
The shadow hits you.
Rupert hits you with a +2 triple sword of holy wrath!!
You die...

* *,,,,,,,*
*******,,,,,,,,*
*,,,<,,,****,,,,**,,,,,,,,*
***+***,+,**,,,,**,,,,,,,,*
*,,,,,*,,,,,,∩**,,,,,,,,*
*****,+,**,,,,**,********
*,****,,,,**,,**#** *,*
*******,,...,*
*****####+##########)....,*
*,,,,........#..@@W......,*
*,,,,........#.##.F......,*
*,,,,.......<#.##........,*
+,,,,........#.##........,*
*,,,,...>....'.##........,*
*,,,,........############**
*****#########


You could see Rupert (berserk), a shadow and a bullfrog.

Vanquished Creatures
  3 two-headed ogres
  An ugly thing (D:11)
  A cyclops (D:11)
  2 centaur zombies
  A centaur skeleton (D:8)
  2 trolls
  3 yaks (D:11)
  A human (D:8)
  A hungry ghost (D:8)
  An acid dragon (D:11)
  5 orc warriors
  3 sky beasts
  5 ice beasts
  3 phantoms
  3 wolves (D:8)
  7 ogres
  3 centaurs
  A crocodile (D:12)
  2 big kobolds
  7 bullfrogs
  A wyvern skeleton (D:8)
  7 scorpions
  7 killer bees
  3 wights (D:6)
  6 howler monkeys
  A bullfrog zombie (D:5)
  7 crimson imps
  9 hounds
  3 jellies
  Crazy Yiuf (D:4)
  3 orc priests
  3 bullfrog skeletons
  8 orc wizards
  Jessica (D:2)
  5 iguanas
  9 worker ants
  Terence (D:3)
  2 howler monkey zombies
  A worker ant zombie (D:11)
  A howler monkey skeleton (D:9)
  11 adders
  A river rat (D:8)
  2 shadow imps (D:10)
  An ooze (D:1)
  2 adder zombies
  2 adder skeletons
  7 worms
  2 dart slugs
  6 leopard geckos
  36 orcs
  2 ball pythons
  5 giant cockroaches
  13 hobgoblins
  10 jackals
  4 quokkas
  10 bats
  4 frilled lizards
  A giant cockroach zombie (D:6)
  7 goblins
  A jackal skeleton (D:7)
  17 kobolds
  A leopard gecko skeleton (D:4)
  2 quokka zombies (D:6)
  9 rats
  2 fungi (D:4)
292 creatures vanquished.

Vanquished Creatures (collateral kills)
  Harold (D:10)
1 creature vanquished.

Vanquished Creatures (others)
  5 plants (D:4)
5 creatures vanquished.

Grand Total: 298 creatures vanquished

Notes
Turn   | Place    | Note
-------+----------+-------------------------------------------
     0 | D:1      | Arthanis the Gargoyle Berserker began the quest for the
                  | Orb.
     0 | D:1      | Reached XP level 1. HP: 14/14 MP: 1/1
   150 | D:1      | Reached XP level 2. HP: 13/19 MP: 2/2
   209 | D:1      | Reached skill level 3 in Axes
   307 | D:1      | Reached XP level 3. HP: 13/23 MP: 3/3
   319 | D:1      | Reached ** piety under Trog
   419 | D:1      | HP: 1/23 [leopard gecko (4)]
   649 | D:2      | Found a glowing silver altar of Zin.
   851 | D:2      | Found a faded altar of an unknown god.
   852 | D:2      | Reached XP level 4. HP: 28/29 MP: 4/4
  1129 | D:2      | Noticed Jessica
  1134 | D:2      | Killed Jessica
  1571 | D:3      | Reached XP level 5. HP: 18/33 MP: 5/5
  1665 | D:3      | Found a white marble altar of Elyvilon.
  1677 | D:3      | Reached skill level 4 in Axes
  1702 | D:3      | Noticed Terence
  1710 | D:3      | Killed Terence
  1758 | D:3      | Reached skill level 1 in Shields
  1983 | D:3      | Reached *** piety under Trog
  2093 | D:3      | Reached XP level 6. HP: 20/39 MP: 6/6
  2258 | D:3      | Found a burning altar of Makhleb.
  2384 | D:4      | Found a staircase to the Ecumenical Temple.
  2602 | D:4      | Noticed a phantom
  2674 | D:4      | Killed a phantom
  2778 | D:4      | Reached skill level 5 in Axes
  2778 | D:4      | Reached XP level 7. HP: 30/44 MP: 7/7
  2789 | D:4      | Identified the cursed +0 spear of Fiysk {chaos, MP+9 Int+6}
  2933 | D:4      | Found a transporter.
  2941 | D:4      | Noticed soark's ghost (amateur DsFi)
  2952 | D:4      | Found a transporter.
  3105 | D:4      | Reached skill level 5 in Fighting
  3319 | D:4      | Found a runed translucent door.
  3320 | D:4      | Noticed Crazy Yiuf
  3332 | D:4      | Killed Crazy Yiuf
  3362 | D:5      | Entered Level 5 of the Dungeon
  3373 | D:4      | HP: 2/66 [ogre/+0 giant club (9)]
  3810 | D:5      | Reached XP level 8. HP: 33/50 MP: 8/8
  3899 | D:5      | Reached **** piety under Trog
  3899 | D:5      | Reached skill level 6 in Axes
  3899 | D:5      | Reached skill level 5 in Armour
  4025 | D:5      | Found a hazy altar of Hepliaklqana.
  4336 | D:6      | Noticed a vampire
  4393 | D:6      | Found a basalt altar of Yredelemnul.
  4430 | D:6      | Found a snail-covered altar of Cheibriados.
  4442 | D:6      | Found an opulent altar of Gozag.
  4442 | D:6      | Found a sacrificial altar of Ru.
  4442 | D:6      | Found a stormy altar of Qazlal.
  4491 | D:6      | Reached skill level 7 in Axes
  4734 | D:6      | Found a transporter.
  4734 | D:6      | Found an ancient bone altar of Kikubaaqudgha.
  4735 | D:6      | Found a transporter.
  4750 | D:6      | Reached XP level 9. HP: 55/56 MP: 9/9
  4870 | D:6      | Noticed Menkaure
  5049 | D:7      | Received a gift from Trog
  5049 | D:7      | Reached skill level 8 in Axes
  5933 | D:8      | Noticed a troll
  5936 | D:8      | Reached skill level 9 in Axes
  5943 | D:8      | Killed a troll
  5973 | D:8      | Reached ***** piety under Trog
  5982 | D:8      | Reached XP level 10. HP: 42/64 MP: 10/10
  5992 | D:8      | Found a staircase to the Lair.
  6144 | D:8      | Reached skill level 1 in Evocations
  6902 | D:9      | Reached skill level 10 in Axes
  7081 | D:9      | Received a gift from Trog
  7112 | D:9      | Found a shattered altar of Ashenzari.
  7120 | D:9      | Noticed a two-headed ogre
  7134 | D:9      | Killed a two-headed ogre
  7301 | D:9      | Noticed a two-headed ogre
  7314 | D:9      | Killed a two-headed ogre
  7314 | D:9      | Reached XP level 11. HP: 71/71 MP: 12/12
  7553 | D:9      | Reached skill level 11 in Axes
  7580 | D:10     | Entered Level 10 of the Dungeon
  8113 | D:10     | Noticed Harold
  8129 | D:10     | Killed Harold
  8329 | D:11     | Reached skill level 10 in Fighting
  8412 | D:11     | Noticed a cyclops
  8424 | D:11     | Killed a cyclops
  8432 | D:11     | Noticed a two-headed ogre
  8471 | D:11     | Killed a two-headed ogre
  8600 | D:11     | Found Xiyloare's Book Boutique.
  8666 | D:11     | Reached skill level 12 in Axes
  8693 | D:11     | Found a staircase to the Orcish Mines.
  8696 | D:11     | Found Botuw's Armour Shoppe.
  8705 | D:11     | Bought a +2 cloak of invisibility for 258 gold pieces
  8803 | D:11     | Noticed a white ugly thing
  8812 | D:11     | Killed a white ugly thing
  9129 | D:12     | Noticed Rupert
  9140 | D:12     | Paralysed by Rupert for 7 turns
  9155 | D:12     | Slain by Rupert

Levels and vault maps discovered:
D:1:      ebering_trefoil_twist, layout_basic
D:2:      layout_basic, nicolae_overflow_crystal_walls,
          chequers_ecumenical_altar_grove, uniq_jessica
D:3:      layout_loops_ring, old_standard_altar, lightli_temple_of_fire,
          first_ration, grunt_ministairs_10, minmay_divided_ellipse,
          uniq_terence
D:4:      layout_gridville, temple_statues, gammafunk_ghost_gnarly_gnolls,
          uniq_crazy_yiuf_cottage
D:5:      layout_basic, lemuel_coloured_pillars_altar
D:6:      layout_rooms, gammafunk_temple_of_torment, grunt_temple_overflow_open,
          serial_rivers, chequers_serial_rivers_micro_c,
          chequers_serial_rivers_large_b, chequers_serial_rivers_micro_d,
          chequers_serial_rivers_marsh, chequers_serial_rivers_micro_b,
          chequers_serial_rivers_micro_d
D:7:      layout_basic
D:8:      layout_basic, erik_lair_island, grunt_pizzeria,
          minmay_misc_feat_four_crosses, corexii_leaking_fountain
D:9:      layout_long_grid, evilmike_ruin_ashenzari
D:10:     layout_irregular_city, uniq_harold
D:11:     layout_loops_ring, orc_david_3, serial_shops, shop,
          chequers_serial_rivers_small_3, kennysheep_generic_room_9
D:12:     layout_roguey [special_room_orc], portal_ice_cave_demonic_guard,
          uniq_rupert

Skill      XL: |  1  2  3  4  5  6  7  8  9 10 11 |
---------------+----------------------------------+-----
Axes           | 3 4 5 7 9 10 12 | 12.1
Dodging        | 2 |  2.0
Armour         | 3 4 6 8 |  8.0
Fighting       | 4 5 6 8 9 10 | 10.6
Shields        | 1 2 3 4 |  4.0
Evocations     | 2 |  2.4

Action                   |  1- 3 |  4- 6 |  7- 9 | 10-12 || total
-------------------------+-------+-------+-------+-------++-------
Melee: Hand axe          |   124 |   299 |   553 |   499 ||  1475
Invok: Berserk           |     1 |     1 |     7 |     9 ||    18
       Trog's Hand       |       |       |     1 |     5 ||     6
       Brothers in Arms  |       |       |       |     2 ||     2
Evoke: Wand              |       |       |     6 |       ||     6
  Use: Scroll            |       |       |       |     8 ||     8
  Eat: Chunk             |     1 |     8 |    18 |    21 ||    48
Armor: Animal skin       |    53 |    36 |       |       ||    89
       Chain mail        |       |   121 |       |       ||   121
       Plate armour      |       |    37 |   369 |   258 ||   664
Dodge: Dodged            |    76 |   104 |    86 |   119 ||   385
Block: Shield            |       |   102 |   235 |   185 ||   522

Table legend:
 A = Non-vault XP
 B = Vault XP
 C = Vault XP percentage of total XP
 D = Non-vault monster count
 E = Vault monster count
 F = Vault count percentage of total count
                 A         B        C        D         E       F
            +---------+---------+-------+---------+---------+-------
      Total |   13578 |    1988 |  12.8 |     259 |      32 |  11.0
            +---------+---------+-------+---------+---------+-------
        D:1 |      59 |       0 |   0.0 |      30 |       0 |   0.0
        D:2 |      54 |      37 |  40.7 |      19 |       1 |   5.0
        D:3 |      84 |     165 |  66.3 |      21 |      15 |  41.7
        D:4 |     555 |      42 |   7.0 |      14 |       1 |   6.7
        D:5 |     689 |       0 |   0.0 |      25 |       0 |   0.0
        D:6 |     712 |       0 |   0.0 |      16 |       0 |   0.0
        D:7 |    1541 |       0 |   0.0 |      41 |       0 |   0.0
        D:8 |    1342 |     978 |  42.2 |      17 |       9 |  34.6
        D:9 |    3622 |       0 |   0.0 |      34 |       0 |   0.0
       D:10 |    1251 |     483 |  27.9 |      23 |       1 |   4.2
       D:11 |    3566 |     283 |   7.4 |      18 |       5 |  21.7
       D:12 |     103 |       0 |   0.0 |       1 |       0 |   0.0
            +---------+---------+-------+---------+---------+-------
